Map: Rhoskallian LE

Players

qqq - Winner!

  • Race: Zerg Zerg
  • Spawn Location: 11:00

Massa - Winner!

  • Race: Terran Terran
  • League: Platinum
  • Spawn Location: 12:00

EchizoLoviuf

  • Race: Protoss Protoss
  • League: Silver
  • Spawn Location: 5:00

shhhchizo

  • Race: Protoss Protoss
  • League: Diamond
  • Spawn Location: 6:00

VOD

Have the link to the VOD?

Description

Time

  • Played on: Oct. 12, 2020, 4:25 p.m.
  • Length: 6:34
Show
View Real Time Build Order
Export as new Build Order

qqq Zerg - Winner!

Build Orders: Hatch First, Zergling Baneling 

Get SALT Encoding   

  12  0:01  Drone  
  13  0:11  Drone  
  14  0:40  Hatchery  
  14  0:41  Drone  
  14  1:07  Overlord  
  14  1:11  Spawning Pool  
  13  1:12  Drone  
  13  1:15  Extractor  
  13  1:17  Drone  
  14  1:25  Drone  
  15  1:33  Drone  
  16  1:42  Drone  
  17  1:56  Drone  
  17  1:58  Queen  
  20  2:09  Drone  
  20  2:10  Drone  
  20  2:11  Drone  
  23  2:18  Queen  
  25  2:26  Metabolic Boost  
  25  2:36  Drone x2  
  27  2:41  Baneling Nest  
  27  2:42  Drone  
  27  2:49  Overlord  
  26  2:52  Drone  
  26  2:57  Drone  
  28  3:02  Overlord  
  28  3:07  Zergling x2  
  28  3:09  Zergling x2  
  28  3:11  Zergling x2  
  31  3:14  Zergling x2  
  31  3:17  Drone  
  31  3:18  Zergling x2  
  34  3:20  Zergling x2  
  35  3:29  Zergling x2  
  35  3:31  Lair  
  35  3:33  Drone  
  37  3:36  Zergling x2  
  37  3:38  Drone  
  37  3:41  Baneling x2  
  39  3:43  Zergling x2  
  39  3:45  Drone  
  41  3:50  Drone  
  41  3:54  Spore Crawler  
  41  3:57  Drone, Spore Crawler  
  41  4:00  Drone  
  41  4:02  Zergling x2  
  43  4:06  Overlord  
  43  4:10  Baneling x2  
  43  4:11  Baneling x2  
  43  4:13  Zergling x2  
  44  4:17  Overlord  
  44  4:23  Overlord  
  44  4:26  Zergling x4  
  44  4:27  Zergling x2  
  44  4:29  Drone  
  48  4:32  Zergling x2  
  48  4:33  Baneling  
  48  4:34  Baneling  
  48  4:38  Zergling x4  
  51  4:40  Drone  
  51  4:45  Baneling  
  52  4:47  Baneling  
  52  4:49  Zergling x2  
  52  4:50  Drone x2  
  55  5:01  Zergling x6  
  55  5:02  Drone x2  
  55  5:03  Drone  
  61  5:23  Drone x2  
  61  5:25  Extractor, Zergling x4  
  61  5:28  Hatchery  
  62  5:38  Drone  
  62  5:39  Drone, Zergling x2  
  55  5:57  Zergling x2  
  55  5:58  Drone, Zergling x6  
  55  5:59  Drone x2, Zergling x6  
  59  6:14  Zergling x2  
  59  6:15  Zergling x6  
Show
View Real Time Build Order
Export as new Build Order

Massa Terran - Winner!

Build Orders:  

Get SALT Encoding   

  12  0:00  SCV  
  13  0:12  SCV  
  14  0:23  Supply Depot  
  14  0:24  SCV  
  15  0:38  Refinery  
  15  0:45  SCV  
  15  0:47  Barracks  
  16  0:57  SCV  
  17  1:12  SCV  
  18  1:23  Supply Depot  
  18  1:24  SCV  
  19  1:36  SCV  
  20  1:43  Reaper  
  21  1:50  Orbital Command  
  21  2:01  Command Center  
  21  2:15  Marine  
  21  2:16  SCV  
  23  2:28  Factory  
  23  2:32  SCV  
  24  2:48  Barracks Tech Lab  
  24  2:50  Barracks Reactor  
  24  3:14  Factory Tech Lab  
  24  3:15  Orbital Command  
  24  3:16  SCV  
  25  3:23  Barracks  
  25  3:26  Supply Depot  
  25  3:27  Marine x2  
  25  3:29  SCV  
  28  3:37  Barracks  
  28  3:41  Refinery, SCV  
  29  3:44  Marine x2  
  29  3:46  Starport, Supply Depot  
  31  3:51  SCV  
  31  3:53  SCV  
  33  4:02  Marine x2  
  34  4:08  Siege Tank  
  38  4:11  Barracks Tech Lab  
  38  4:20  Marine x2  
  40  4:35  Marauder  
  40  4:37  Stimpack  
  40  4:38  SCV x2, Marine x2  
  45  4:42  Barracks Tech Lab  
  46  4:49  Engineering Bay  
  46  4:50  SCV  
  47  4:57  Marauder, Marine x2  
  51  5:02  Concussive Shells  
  51  5:03  Refinery  
  51  5:05  Refinery, SCV x2  
  53  5:15  Marine, Missile Turret  
  53  5:17  SCV x2  
  53  5:18  Marauder  
  55  5:22  Missile Turret  
  55  5:25  Missile Turret  
  51  5:42  Missile Turret  
  51  5:44  Missile Turret  
  51  6:01  Marauder x2  
  51  6:02  Marine x2  
Show
View Real Time Build Order
Export as new Build Order

EchizoLoviuf Protoss 

Build Orders: Oracle Opening 

Get SALT Encoding   

  12  0:00  Probe  
  13  0:14  Probe  
  14  0:21  Pylon  
  14  0:26  Probe  
  15  0:39  Probe (Chrono Boost)  
  16  0:44  Gateway  
  17  0:51  Probe (Chrono Boost), Assimilator  
  17  0:56  Probe (Chrono Boost)  
  18  1:05  Probe  
  19  1:17  Probe  
  20  1:20  Assimilator  
  20  1:29  Probe  
  21  1:36  Cybernetics Core  
  21  1:41  Probe  
  21  1:44  Pylon  
  22  1:53  Probe  
  23  2:05  Probe  
  24  2:13  Stalker  
  26  2:16  Nexus  
  26  2:20  Probe  
  27  2:35  Warp Gate (Chrono Boost)  
  27  2:42  Stargate  
  27  2:51  Pylon  
  27  3:15  Probe  
  28  3:22  Adept (Chrono Boost)  
  28  3:23  Gateway  
  30  3:33  Probe (Chrono Boost)  
  32  3:35  Oracle (Chrono Boost)  
  32  3:38  Probe (Chrono Boost)  
  35  3:43  Probe (Chrono Boost)  
  35  3:46  Probe (Chrono Boost)  
  35  3:48  Probe (Chrono Boost)  
  37  3:50  Shield Battery  
  38  3:57  Probe  
  38  3:58  Gateway  
  38  3:59  Probe  
  38  4:00  Assimilator  
  40  4:06  Oracle  
  40  4:07  Assimilator  
  40  4:09  Probe  
  44  4:11  Probe  
  45  4:21  Probe  
  45  4:23  Probe  
  47  4:25  Shield Battery  
  47  4:28  Pylon  
  47  4:39  Probe x2  
  49  4:51  Probe x2  
  51  5:03  Probe  
  51  5:04  Twilight Council, Fleet Beacon  
  52  5:07  Probe  
  52  5:08  Pylon  
  53  5:15  Probe  
  53  5:21  Probe  
  55  5:28  Probe  
  54  5:51  Adept x3  
Show
View Real Time Build Order
Export as new Build Order

shhhchizo Protoss 

Build Orders:  

Get SALT Encoding   

  12  0:00  Probe  
  13  0:12  Probe  
  14  0:19  Pylon  
  14  0:27  Probe  
  15  0:39  Probe (Chrono Boost)  
  16  0:44  Assimilator  
  16  0:50  Gateway  
  16  0:51  Probe (Chrono Boost)  
  17  0:59  Probe  
  18  1:11  Probe  
  19  1:23  Probe  
  20  1:29  Assimilator  
  20  1:35  Probe  
  21  1:44  Cybernetics Core  
  21  1:48  Probe  
  21  2:00  Probe  
  22  2:05  Nexus  
  22  2:15  Probe  
  23  2:28  Pylon  
  23  2:29  Robotics Facility  
  23  2:36  Shield Battery  
  23  2:46  Probe, Adept (Chrono Boost)  
  25  3:10  Warp Gate (Chrono Boost)  
  25  3:14  Probe  
  25  3:18  Observer  
  27  3:21  Probe  
  28  3:30  Probe  
  29  3:39  Probe  
  30  3:44  Probe  
  30  3:45  Twilight Council  
  30  3:48  Observer  
  32  3:51  Probe  
  33  3:56  Probe  
  33  3:57  Shield Battery  
  33  4:00  Sentry  
  36  4:03  Probe  
  36  4:09  Observer  
  38  4:10  Probe, Forge  
  38  4:15  Probe  
  40  4:22  Probe  
  41  4:28  Probe  
  42  4:34  Probe  
  43  4:39  Observer  
  43  4:45  Probe, Gateway  
  44  4:47  Gateway  
  44  4:48  Probe  
  45  4:55  Pylon  
  45  4:57  Probe  
  45  4:58  Pylon  
  46  5:11  Immortal (Chrono Boost)  
  46  5:13  Probe  
  51  5:15  Sentry  
  51  5:20  Probe  
  54  5:34  Probe  
  55  5:39  Sentry  
  55  5:40  Sentry  
  51  5:58  Stalker  
Tags
 
Add a new tag
Caveats
  • Supply blocks, unpowered buildings, or Contaminate may cause inaccurate times.
  • Supply counts are checked every 10 seconds.